 Dungeon Crawl Stone Soup version 0.29.1-13-g9f3cf754e1 (webtiles) character file.

Game seed: 7473163674057743341

172 Chiseanne the Trooper (level 5, 45/46 HPs)
             Began as a Demonspawn Wanderer on Jan 30, 2023.
             Quit the game on level 4 of the Dungeon.
             The game lasted 00:03:33 (3087 turns).

Chiseanne the Trooper (Demonspawn Wanderer)         Turns: 3087, Time: 00:03:34

Health: 45/46      AC: 10    Str: 19    XL:     5   Next: 27%
Magic:  5/5        EV: 10    Int: 12    God:
Gold:   135        SH:  4    Dex: 15    Spells: 4/4 levels left

rFire   . . .      SeeInvis .   a - +3 quarterstaff
rCold   . . .      Faith    .   (shield currently unavailable)
rNeg    . . .      Spirit   .   l - +1 scale mail
rPois   .          Reflect  .   (no helmet)
rElec   .          Harm     .   (no cloak)
rCorr   .          Rampage  .   h - +2 pair of gloves
Will    .....                   (no boots)
Stlth   ..........              (no amulet)
HPRegen 0.15/turn               m - +6 ring of strength
MPRegen 0.09/turn               (no ring)

@: no status effects
A: large bone plates 1, demonic guardian 1, weakness stinger 1
a: no special abilities


You were on level 4 of the Dungeon.
You visited 1 branch of the dungeon, and saw 4 of its levels.

You collected 135 gold pieces.

Inventory:

Hand Weapons
 a - a +3 quarterstaff (weapon)
Missiles
 d - 22 stones (quivered)
 f - 4 boomerangs
 o - 2 poisoned darts
Armour
 h - a +2 pair of gloves (worn)
 l - a +1 scale mail (worn)
Jewellery
 m - a +6 ring of strength (left hand)
Scrolls
 c - 2 scrolls of butterflies
Potions
 e - 2 potions of haste {unknown}
 g - a potion of heal wounds
 i - a potion of might {unknown}
 j - a potion of attraction {unknown}
 p - a potion of lignification {unknown}


   Skills:
 * Level 5.8 Fighting
 - Level 1.0 Long Blades
 - Level 1.7 Staves
 * Level 2.7 Armour
 * Level 2.5 Dodging
 - Level 1.0 Stealth


You had 4 spell levels left.
You didn't know any spells.
Your spell library contained the following spells:

 Spells                   Type           Power      Damage    Failure   Level
 Ensorcelled Hibernation  Hex/Ice        0%         N/A       83%         2
 Passwall                 Tmut/Erth      0%         N/A       83%         2
 Stone Arrow              Conj/Erth      0%         3d7       96%         3
 Swiftness                Air            0%         N/A       96%         3
 Animate Armour           Summ/Erth      0%         N/A       100%        4
 Lehudib's Crystal Spear  Conj/Erth      0%         10d2      100%        8


Dungeon Overview and Level Annotations

Branches:
Dungeon (4/15)
 Temple: D:4-7

Altars:
Wu Jian

Annotations:
D:2 1 runed translucent door, Crazy Yiuf


Innate Abilities, Weirdness & Mutations

You are partially covered in large bone plates. (SH +4)
A weak demonic guardian rushes to your aid.
You have a small tail.


Message History

You start waiting.
An endoplasm comes into view.
The endoplasm quivers.
You hit the endoplasm.
The endoplasm is severely wounded.
The endoplasm freezes you.
You are frozen.
The endoplasm freezes you.
You are frozen.
You sock the endoplasm!
You kill the endoplasm!
A scorpion comes into view.
Things that are here:
a +0 dagger; a goblin corpse The scorpion barely misses you.
You hit the scorpion but do no damage. You block the scorpion's attack.
The scorpion misses you.
You thump the scorpion!
The scorpion is heavily wounded.
The scorpion stings you but does no damage.
You barely miss the scorpion.
The scorpion is heavily wounded.
The scorpion barely misses you.
The scorpion stings you but does no damage.
You barely miss the scorpion.
The scorpion is heavily wounded.
The scorpion stings you but does no damage.
You hit the scorpion.
The scorpion is severely wounded.
The scorpion stings you but does no damage.
You barely miss the scorpion.
The scorpion is severely wounded.
The scorpion stings you but does no damage.
The scorpion closely misses you.
You sock the scorpion!
You kill the scorpion!
You have reached level 5!
Your demonic ancestry asserts itself...
You grow a small tail.
Are you sure you want to abandon this character and quit the game? (Confirm with "yes".)

#...# #..†#####.#
#.<.......#
#.#..##..##
#..........
.#######...≈≈≈≈≈≈≈
..........≈≈≈≈≈≈..
##....).≈≈_....8
##.###@≈≈≈≈≈≈.. #.
#.†≈≈≈≈≈≈≈ #
#.........
###)##.## .# .# .#
# (#


There were no monsters in sight!

Vanquished Creatures
  A scorpion (D:4)
  5 adders
  A worm (D:2)
  A dart slug (D:3)
  4 bats
  7 endoplasms
  5 giant cockroaches
  8 goblins
  2 hobgoblins (D:1)
  6 jackals
  3 quokkas
  3 ball pythons
  3 frilled lizards
  5 kobolds
  3 rats
57 creatures vanquished.

Notes
Turn   | Place    | Note
-------+----------+-------------------------------------------
     0 | D:1      | Chiseanne the Demonspawn Wanderer began the quest for the
                  | Orb.
     0 | D:1      | Chiseanne set off with the following items: a +3
                  | quarterstaff, a +0 falchion, a scroll of butterflies, a +0
                  | leather armour.
     0 | D:1      | Reached XP level 1. HP: 21/21 MP: 1/1
   101 | D:1      | Gained mutation: You are partially covered in large bone
                  | plates. (SH +4) [demonic ancestry]
   101 | D:1      | Reached XP level 2. HP: 27/27 MP: 2/2
   161 | D:1      | Noticed a great orb of eyes
   164 | D:1      | Found a faded altar of an unknown god.
   165 | D:1      | Noticed a shining eye
   165 | D:1      | Noticed a floating eye
   165 | D:1      | Noticed a floating eye
   270 | D:1      | Reached skill level 1 in Dodging
   759 | D:1      | Gained mutation: A weak demonic guardian rushes to your
                  | aid. [demonic ancestry]
   759 | D:1      | Reached XP level 3. HP: 31/33 MP: 3/3
  1543 | D:2      | Found a runed translucent door.
  1544 | D:2      | Noticed Crazy Yiuf
  2177 | D:3      | Reached XP level 4. HP: 39/39 MP: 4/4
  3039 | D:4      | Found an ornate altar of the Wu Jian Council.
  3077 | D:4      | Noticed a scorpion
  3086 | D:4      | Killed a scorpion
  3087 | D:4      | Gained mutation: You have a small tail. [demonic ancestry]
  3087 | D:4      | Reached XP level 5. HP: 45/46 MP: 5/5
  3087 | D:4      | Quit the game

Illustrated notes

Levels and vault maps discovered:
D:1:      minmay_arrival_radiant_lines, layout_loops_ring,
          hellmonk_ecumenical_altar_watching_god, corexii_hall_statues_x,
          minmay_misc_feat_nine_boxes, kennysheep_decorative_pillar
D:2:      layout_loops_corners, uniq_crazy_yiuf_cottage
D:3:      layout_loops_corners
D:4:      layout_loops_ring, mainiacjoe_overflow_catwalk

Skill      XL: |  1  2  3  4 |
---------------+-------------+-----
Dodging        | 1 2 |  2.5
Armour         | 2 |  2.7
Fighting       | |  5.8
Long Blades    | |  1.0
Staves         | |  1.7
Stealth        | |  1.0

Action                   |  1- 3 |  4- 6 || total
-------------------------+-------+-------++-------
Melee: Quarterstaff      |   115 |    41 ||   156
  Use: Scroll            |     2 |     3 ||     5
Armor: Ring mail         |    42 |       ||    42
       Scale mail        |     2 |    15 ||    17
Dodge: Dodged            |    54 |    17 ||    71
Block: Other             |    16 |     6 ||    22
